 Dungeon Crawl Stone Soup version 0.28-a0-537-g3bccd9ccbf (webtiles) character file.

Game seed: 7853906576650369343

359 Tocho the Sneak (level 6, -11/52 HPs)
             Began as a Naga Hedge Wizard on Sept 27, 2021.
             Was an Initiate of Vehumet.
             Mangled by an ogre (22 damage)
             ... on level 5 of the Dungeon.
             The game lasted 00:11:28 (5465 turns).

Tocho the Sneak (Naga Hedge Wizard)                 Turns: 5465, Time: 00:11:29

Health: -11/52     AC:  4    Str: 13    XL:     6   Next: 65%
Magic:  6/12       EV: 10    Int: 15    God:    Vehumet [......]
Gold:   190        SH:  0    Dex: 11    Spells: 8/13 levels left

rFire   . . .      SeeInvis +   e - +2 whip (spect)
rCold   . . .      Faith    .   (no shield)
rNeg    . . .      Spirit   .   b - +0 robe
rPois   +          Reflect  .   c - +0 hat
rElec   .          Harm     .   (no cloak)
rCorr   .          Rampage  .   q - +0 pair of gloves
Will    .....                   (no barding)
Stlth   +++.......              (no amulet)
HPRegen 0.17/turn               (no ring)
MPRegen 0.13/turn               (no ring)

@: very slow
A: AC +2, large, see invisible, deformed body, poison resistance, slowness 2,
spit poison 1, naga tail 1
a: Spit Poison, Renounce Religion


You were on level 5 of the Dungeon.
You worshipped Vehumet.
Vehumet was noncommittal.
You visited 2 branches of the dungeon, and saw 6 of its levels.

You collected 190 gold pieces.

Inventory:

Hand Weapons
 a - a +0 dagger
 e - a +2 spectral whip (weapon)
Missiles
 g - a throwing net
 l - 4 curare-tipped darts
Armour
 b - a +0 robe (worn)
 c - a +0 hat (worn)
 q - a +0 pair of gloves (worn)
Jewellery
 h - a ring of flight
 i - a ring of protection from fire
 j - a ring of protection from fire
Wands
 p - a wand of digging (5)
Scrolls
 f - a scroll of noise {unknown}
 k - a scroll of enchant armour {unknown}
 n - 4 scrolls of teleportation {unknown}
 o - a scroll of summoning
 r - a scroll of identify {unknown}
 s - a scroll of enchant weapon
Potions
 d - 3 potions of curing {unknown}
 m - a potion of resistance {unknown}


   Skills:
 + Level 1.9 Fighting
 + Level 2.4 Maces & Flails
 + Level 2.3 Dodging
 + Level 5.3 Stealth
 + Level 4.4 Spellcasting
 + Level 2.0 Conjurations
 + Level 1.2 Summonings
 + Level 1.0 Translocations


You had 8 spell levels left.
You knew the following spells:

 Your Spells              Type           Power      Damage    Failure   Level
a - Magic Dart            Conj           36%        1d4       8%          1
b - Blink                 Tloc           N/A        N/A       17%         2
c - Call Imp              Summ           7%         N/A       16%         2

Your spell library contained the following spells:

 Spells                   Type           Power      Damage    Failure   Level
 Slow                     Hex            3%         N/A       26%         2
 Conjure Flame            Conj/Fire      6%         6-21      34%         3
 Mephitic Cloud           Conj/Pois/Air  5%         N/A       36%         3
 Leda's Liquefaction      Hex/Erth       1%         N/A       86%         4
 Lee's Rapid Deconstruct  Erth           1%         3d5*      99%         5
 Statue Form              Tmut/Erth      2%         N/A       100%        6


Dungeon Overview and Level Annotations

Branches:
Dungeon (5/15)             Temple (1/1) D:5

Altars:
Ashenzari
Cheibriados
Dithmenos
Elyvilon
Fedhas
Gozag
Hepliaklqana
Kikubaaqudgha
Makhleb
Okawaru
Qazlal
Ru
Sif Muna
Trog
Uskayaw
Vehumet
Wu Jian
Yredelemnul
The Shining One

Shops:
D:2 (


Innate Abilities, Weirdness & Mutations

Your serpentine skin is tough. (AC +2)
You have supernaturally acute eyesight. (SInv)
Armour fits poorly on your strangely shaped body.
Your system is resistant to poisons. (rPois)
You cover ground very slowly.
You can spit poison.
You have a snake-like lower body.


Message History

a +0 giant club; an ogre corpse HP restored.
Magic restored.
You now have 190 gold pieces (gained 15).
An ogre comes into view. It is wielding a +0 giant club.
The helpless ogre fails to defend itself.
You hit the ogre.
The ogre is lightly wounded.
Your +2 spectral whip hits the ogre!
The ogre barely misses you.
Press: ? - help, Shift-Dir - straight line, f - ogre
Aim: an ogre, wielding a +0 giant club (heavily wounded)
The splash of poison misses the ogre.
The ogre hits you with a +0 giant club!!
Ouch! That really hurt!
The ogre hits you with a +0 giant club!!
* * * LOW HITPOINT WARNING * * *
Okay, then.
Okay, then.
Aiming: Magic Dart (safe; 8% risk of failure)
Press: ? - help, Q - select action, (/) - cycle Shift-Dir - straight line, f/p - ogre
Aim: an ogre, wielding a +0 giant club (grey smoke, heavily wounded, 100% to hit)
The magic dart hits the ogre.
The ogre is heavily wounded.
Casting: Magic Dart (safe; 8% risk of failure)
Confirm with . or Enter, or press ? or * to list all spells.
Okay, then.
Casting: Magic Dart (safe; 8% risk of failure)
Confirm with . or Enter, or press ? or * to list all spells.
You blink.
Okay, then.
You have got your breath back.
Casting: Blink (safe; 17% risk of failure)
Confirm with . or Enter, or press ? or * to list all spells.
You blink.
Okay, then.
Casting: Blink (safe; 17% risk of failure)
Confirm with . or Enter, or press ? or * to list all spells.
You blink.
The ogre hits you with a +0 giant club!!
You die...

# # # ########## #
#........# # #.#
#ยง# # #.# #O#
#########.#### #@#
.##..........# #.#
....#.###.##.###.#
.##...# #........#
####### ####.#####
# #.# # #.# ## #.#
.## #.#


You could see an ogre.

Vanquished Creatures
  An ogre (D:5)
  A water moccasin skeleton (D:4)
  A jelly (D:4)
  2 hounds (D:4)
  A scorpion zombie (D:5)
  A hound skeleton (D:5)
  3 adders
  A white imp (D:4)
  2 worms (D:2)
  An orc (D:4)
  6 ball pythons
  4 bats
  2 endoplasms
  2 giant cockroaches
  6 hobgoblins
  6 jackals
  3 quokkas
  4 frilled lizards (D:1)
  4 goblins
  8 kobolds
  5 rats
64 creatures vanquished.

Vanquished Creatures (collateral kills)
  A ball python (D:2)
  An endoplasm (D:2)
  A quokka (D:2)
3 creatures vanquished.

Vanquished Creatures (others)
  11 plants (D:3)
11 creatures vanquished.

Grand Total: 78 creatures vanquished

Notes
Turn   | Place    | Note
-------+----------+-------------------------------------------
     0 | D:1      | Tocho the Naga Hedge Wizard began the quest for the Orb.
     0 | D:1      | Reached XP level 1. HP: 15/15 MP: 4/4
   168 | D:1      | Reached XP level 2. HP: 15/22 MP: 1/6
  1151 | D:1      | Learned a level 2 spell: Blink
  1154 | D:1      | Learned a level 2 spell: Call Imp
  1340 | D:1      | Found a faded altar of an unknown god.
  1472 | D:2      | Reached XP level 3. HP: 28/28 MP: 5/8
  1828 | D:2      | Found an ancient bone altar of Kikubaaqudgha.
  1947 | D:2      | Found Urrikk's Antique Weapon Shop.
  2236 | D:2      | Reached XP level 4. HP: 36/36 MP: 10/10
  2994 | D:3      | Reached skill level 4 in Stealth
  2996 | D:3      | Found a snail-covered altar of Cheibriados.
  4177 | D:4      | Reached skill level 1 in Fighting
  4177 | D:4      | Reached skill level 1 in Maces & Flails
  4177 | D:4      | Reached XP level 5. HP: 44/44 MP: 5/11
  4587 | D:4      | Found a blossoming altar of Fedhas.
  4768 | D:4      | Reached XP level 6. HP: 46/51 MP: 12/12
  5074 | D:4      | Found an ornate altar of the Wu Jian Council.
  5136 | D:5      | Entered Level 5 of the Dungeon
  5145 | D:5      | Reached skill level 5 in Stealth
  5191 | D:5      | Found a staircase to the Ecumenical Temple.
  5203 | Temple   | Entered the Ecumenical Temple
  5322 | Temple   | Became a worshipper of Vehumet
  5465 | D:5      | Mangled by an ogre

Illustrated notes

Levels and vault maps discovered:
D:1:      denvon_arrival_waterhouse, layout_basic,
          shapermc_ecumenical_altar_pompeii, minmay_tall_x
D:2:      layout_rooms, basic_altar, serial_shops, shop
D:3:      layout_basic, mainiacjoe_overflow_chevrons, small_statue_intersection,
          nrook_loot_triangle
D:4:      layout_basic, fedhas_altar_1, pdpol_wu_jian_five_deadly_venoms,
          chequers_ossuary_entry_cave, chequers_serial_rivers_small_b,
          minmay_ruptured
D:5:      layout_loops_corners, led_xom_imps, minmay_temple_entry_mist,
          ebering_ghost_sewer_d, uniq_menkaure
Temple:   lightli_temple_of_artemis

Skill      XL: |  1  2  3  4  5  6 |
---------------+-------------------+-----
Spellcasting   | 4 |  4.4
Stealth        | 4 5 |  5.3
Fighting       | 1 |  1.9
Maces & Flails | 1 2 |  2.4
Dodging        | 2 |  2.3
Conjurations   | 2 |  2.0
Summonings     | |  1.2
Translocations | |  1.0

Action                   |  1- 3 |  4- 6 || total
-------------------------+-------+-------++-------
Melee: Whip              |    32 |    72 ||   104
 Cast: Magic Dart        |    53 |    31 ||    84
       Call Imp          |     4 |       ||     4
       Blink             |       |     3 ||     3
 Abil: Spit Poison       |    10 |    10 ||    20
  Use: Scroll            |       |     4 ||     4
 Stab: Sleeping          |       |     5 ||     5
Armor: Robe              |     3 |    13 ||    16
Dodge: Dodged            |    21 |    32 ||    53

Table legend: (Time is in decaauts)
 A = Elapsed time spent in this place.
 B = Non-inter-level travel time spent in this place.
 C = Inter-level travel time spent in this place.
 D = Time resting spent in this place.
 E = Time spent auto-exploring this place.
 F = Levels seen in this place.
 G = Mean time per level.
                   A        B        C        D        E       F      G
               +--------+--------+--------+--------+--------+-----+--------+
         Total |   6519 |   6236 |    283 |    609 |   4944 |   6 | 1086.5 |
       Dungeon |   6330 |   6096 |    234 |    609 |   4818 |   5 | 1266.0 |
        Temple |    188 |    139 |     49 |      0 |    126 |   1 |  188.0 |
               +--------+--------+--------+--------+--------+-----+--------+

Top non-repeatable levels by time:
     D:2: 1716 daAuts
     D:1: 1667 daAuts
     D:4: 1450 daAuts
     D:3: 1266 daAuts
     D:5: 230 daAuts
  Temple: 188 daAuts
